 Dungeon Crawl Stone Soup version 0.27-a0-1513-g2aaa0cc67b (webtiles) character file.

Game seed: 10348300603635297768

44317 robertstho the Eclecticist (level 14, -2/101 HPs)
             Began as a Djinni Fire Elementalist on July 9, 2021.
             Was an Initiate of Gozag.
             Slain by a ten-headed hydra (9 damage)
             ... on level 5 of the Lair of Beasts.
             The game lasted 00:32:24 (25852 turns).

robertstho the Eclecticist (DjFE)                  Turns: 25852, Time: 00:32:26

Health: -2/101     AC:  7    Str:  7    XL:     14   Next: 65%
Gold:   4320       EV: 18    Int: 21    God:    Gozag SH:  5 Dex: 15

rFire    + + +     SeeInvis .   v - +2 long sword of Indomitability {vorpal, rElec rF+ rN+}
rCold    x . .     Faith    .   (no shield)
rNeg     + + .     Spirit   .   A - +2 robe {Archmagi}
rPois    ∞         Reflect  +   (no helmet)
rElec    +         Harm     .   (no cloak)
rCorr    .         Rampage  .   G - +2 pair of gloves
Will     +....     Archmagi +   (boots unavailable)
Stlth    +++.......             l - amulet of reflection
HPRegen  0.26/turn              D - +4 ring of evasion
MPRegen  0.00/turn              b - ring of Ciobb {rElec rPois rF+ rN+}

@: about to teleport, flying
A: sickness immunity, fire resistance 2, cold vulnerability 1, float, innate
caster, hp casting, extra vitality 1
a: Renounce Religion, Potion Petition, Call Merchant, Bribe Branch


You were on level 5 of the Lair of Beasts.
You worshipped Gozag.
Gozag was most pleased with you.
You visited 3 branches of the dungeon, and saw 18 of its levels.
You also visited: Sewer, Bailey and Gauntlet.

You collected 4408 gold pieces.
You paid 88 gold pieces to Gozag.

Inventory:

Hand Weapons
 f - the +3 spear "Ogreslayer" {drain, rC+ Int+3}
   (You took it off a kobold in a bailey)

   A truly terrible weapon, it drains the life of those it strikes.
   Int:       It affects your intelligence (+3).
   rC:        It protects you from cold.
 v - the +2 long sword of Indomitability (weapon) {vorpal, rElec rF+ rN+}
   (You found it on level 6 of the Dungeon)

   It inflicts extra damage upon your enemies.
   rF:        It protects you from fire.
   rElec:     It insulates you from electricity.
   rN:        It protects you from negative energy.
 C - a +2 halberd of flaming
 N - a +7 eveningstar of protection
 P - the +4 battleaxe "Orb Guardian's Death" {drain, rF+}
   (You found it in a Gauntlet)

   A truly terrible weapon, it drains the life of those it strikes.
   rF:        It protects you from fire.
 Q - a +3 spectral quarterstaff
Armour
 r - a +2 robe of cold resistance
 A - a +2 robe of the Archmagi (worn)
 G - a +2 pair of gloves (worn)
Jewellery
 b - the ring of Ciobb (right hand) {rElec rPois rF+ rN+}
   (You acquired it on level 11 of the Dungeon)

   [ring of positive energy]

   rF:        It protects you from fire.
   rElec:     It insulates you from electricity.
   rPois:     It protects you from poison.
   rN:        It protects you from negative energy.
 g - a ring of willpower
 j - a +4 ring of protection
 l - an amulet of reflection (around neck)
 m - a ring of protection from cold
 w - a ring of see invisible
 x - a +6 ring of dexterity
 B - a ring of protection from fire
 D - a +4 ring of evasion (left hand)
 O - a ring of magical power
 R - an amulet of magic regeneration
 S - an amulet of the acrobat
Wands
 k - a wand of charming (21)
 y - a wand of iceblast (31)
 z - a wand of paralysis (9)
 H - a wand of flame (22)
 I - a wand of mindburst (12)
Scrolls
 c - a scroll of immolation
 e - a scroll of magic mapping
 n - a scroll of silence
 s - 4 scrolls of teleportation
 u - a scroll of summoning {unknown}
 E - 4 scrolls of fog
 F - a scroll of holy word
 J - 2 scrolls of enchant weapon
 K - a scroll of torment {unknown}
 L - 2 scrolls of enchant armour {unknown}
 M - 2 scrolls of vulnerability {unknown}
Potions
 a - 3 potions of curing
 d - 3 potions of heal wounds
 h - a potion of cancellation
 i - a potion of brilliance
 o - 3 potions of attraction
 p - 3 potions of haste
 q - 4 potions of might
 t - 2 potions of resistance {unknown}
 T - a potion of berserk rage {unknown}


   Skills:
 * Level 9.4 Fighting
 + Level 0.3(1.3) Short Blades
 + Level 2.0(2.1) Long Blades
 + Level 4.4 Dodging
 + Level 4.9 Stealth
 + Level 1.8 Shields
 * Level 16.0 Spellcasting


You had 12 spell levels left.
You knew the following spells:

 Your Spells              Type           Power      Damage    Failure   Level
a - Foxfire               Conj/Fire      100%       2x1d9     0%          1
b - Conjure Flame         Conj/Fire      90%        6-21      0%          3
c - Inner Flame           Hex/Fire       90%        N/A       0%          3
d - Sticky Flame          Conj/Fire      90%        2d10      1%          4
e - Fireball              Conj/Fire      45%        3d18      1%          5
f - Corona                Hex            100%       N/A       0%          1
g - Static Discharge      Conj/Air       90%        N/A       0%          2
h - Corpse Rot            Necr/Air       N/A        N/A       0%          2
i - Confusing Touch       Hex            90%        N/A       0%          3
j - Animate Dead          Necr           45%        N/A       1%          4
k - Yara's Violent Unrav  Hex/Tmut       45%        3d18      1%          5
Your spell library was empty.

Dungeon Overview and Level Annotations

Branches:
Dungeon (12/15)            Temple (1/1) D:4            Lair (5/6) D:11
  Swamp (0/4) Lair:3       Spider (0/4) Lair:2        Slime (0/5) Lair:5
  Sewer (visited)          Bailey (visited)         Gauntlet (visited)
    Orc: D:9-12

Altars:
Ashenzari
Cheibriados
Dithmenos
Elyvilon
Fedhas
Gozag
Hepliaklqana
Kikubaaqudgha
Makhleb
Nemelex Xobeh
Okawaru
Qazlal
Ru
Sif Muna
Trog
Uskayaw
Vehumet
Wu Jian
Xom
Yredelemnul
Zin
The Shining One

Annotations:
Lair:5 Plazmod's ghost, journeyman DECj


Innate Abilities, Weirdness & Mutations

You are immune to sickness and miasma.
You are immune to poison.
Your flesh is very heat resistant. (rF++)
You are vulnerable to cold. (rC-)
You float through the air rather than walking.
You learn spells naturally, not from books.
Your magical power is your life essence.
You have superior vitality. (+4 HP)


Message History

Aim: a ten-headed hydra (100% to hit)
You feel a surge of power!
The sticky flame hits the ten-headed hydra!
The ten-headed hydra is lightly wounded.
The ten-headed hydra is covered in liquid flames!
The ten-headed hydra burns!
You block the ten-headed hydra's attack.
The ten-headed hydra bites you. The ten-headed hydra misses you.
The ten-headed hydra bites you. The ten-headed hydra bites you!
The ten-headed hydra bites you.
The ten-headed hydra closely misses you.
You block the ten-headed hydra's attack.
The ten-headed hydra bites you.
* * * LOW HITPOINT WARNING * * *
The ten-headed hydra bites you!
* * * LOW HITPOINT WARNING * * *
The ten-headed hydra burns!
The 11-headed hydra bites the plant.
The plant begins to die.
The 11-headed hydra bites the plant!
The 11-headed hydra bites the plant.
The 11-headed hydra bites the plant!
The 11-headed hydra bites the plant.
The 11-headed hydra bites the plant! x3
The 11-headed hydra bites the plant.
The 11-headed hydra bites the plant! x2
The ten-headed hydra burns!
The 11-headed hydra bites the plant.
The 11-headed hydra bites the plant!
The 11-headed hydra bites the plant. x2
The 11-headed hydra bites the plant! x2; The 11-headed hydra bites the plant!!
The 11-headed hydra bites the plant.
The 11-headed hydra bites the plant! x3
The plant is destroyed!
As you read the scroll of teleportation, it crumbles to dust.
You feel strangely unstable.
The ten-headed hydra burns!
The ten-headed hydra bites you!
* * * LOW HITPOINT WARNING * * *
The ten-headed hydra bites you but does no damage.
The ten-headed hydra barely misses you. The ten-headed hydra bites you.
* * * LOW HITPOINT WARNING * * *
The ten-headed hydra bites you but does no damage.
The ten-headed hydra misses you.
The ten-headed hydra bites you but does no damage.
The ten-headed hydra closely misses you. x2
The ten-headed hydra bites you!
You die...
Your body crumbles into a pile of gold.

.................................
.P...............####.........#..
P.......P........##.........#.#P.
....#....#.......#...#.......##..
....#........................#...
...#........................##...
...##................P......+...>
....#.#.###.......[.#.........#..
...P..#.###.....@D...........#.##
................##W#........#..P.
............#######D.............
...........##♣≈.##...............
..........##.....#...............
..........#≈.....'...............
..........#♣..)..'...............
..........#[.....'.P..........#.#
..........##♣?...#...##########.#


You could see a 11-headed hydra, a ten-headed hydra (burning) and Plazmod's
ghost.

Vanquished Creatures
  A minotaur (Gauntlet)
  Snorg (D:11)
  Fannar (D:11)
  3 boulder beetles
  2 hydras
  A catoblepas (Lair:5)
  4 two-headed ogres
  2 death yaks (Lair:5)
  A deep elf pyromancer (D:12)
  5 elephants (Lair:3)
  3 cyclopes
  4 black mambas
  A gargoyle (Gauntlet)
  2 torpor snails
  15 cane toads
  Maggie (D:7)
  A kobold demonologist (D:10)
  An unseen horror (D:11)
  7 komodo dragons
  A rime drake (Lair:5)
  3 ice devils
  4 trolls
  3 polar bears
  A hornet (D:10)
  Prince Ribbit (D:5)
  4 dream sheep (Lair:2)
  13 blink frogs
  A slime creature (Lair:5)
  5 shadows (Gauntlet)
  A wyvern (D:5)
  40 yaks
  Eustachio (D:5)
  6 basilisks
  6 vampire mosquitoes
  16 water moccasins
  A black bear (D:5)
  2 sky beasts
  12 orc warriors
  An ogre (D:6)
  7 centaurs
  4 wolves (Lair:1)
  A phantom (D:7)
  2 gnoll sergeants
  2 kobold brigands
  14 bullfrogs
  A scorpion (D:6)
  11 wights
  5 killer bees (D:10)
  A vampire bat (Lair:2)
  9 jellies
  2 electric eels (D:8)
  3 orc priests
  2 centaur zombies
  4 hounds
  6 orc wizards
  Ijyb (D:3)
  An iguana (D:5)
  A killer bee zombie (D:6)
  A hound skeleton (D:4)
  14 gnolls
  3 adders (D:2)
  2 shadow imps
  5 white imps
  An ufetubus (D:5)
  An adder skeleton (D:4)
  5 worms
  2 dart slugs
  31 orcs
  6 ball pythons
  13 bats
  7 endoplasms
  2 giant cockroaches (Sewer)
  13 goblins
  10 hobgoblins
  10 jackals
  24 kobolds
  4 quokkas
  2 frilled lizards
  6 rats
  2 bushes
419 creatures vanquished.

Vanquished Creatures (others)
  1084 foxfires
  11 fungi
  18 plants
1113 creatures vanquished.

Grand Total: 1532 creatures vanquished

Notes
Turn   | Place    | Note
-------+----------+-------------------------------------------
     0 | D:1      | robertstho the Djinni Fire Elementalist began the quest for
                  | the Orb.
     0 | D:1      | Reached XP level 1. HP: 15/15 MP: 0/0
   234 | D:1      | Reached XP level 2. HP: 13/21 MP: 0/0
   747 | D:1      | Found a faded altar of an unknown god.
  1058 | D:2      | Reached skill level 3 in Spellcasting
  1058 | D:2      | Reached XP level 3. HP: 22/26 MP: 0/0
  1058 | D:2      | Learned a level 1 spell: Corona
  1677 | D:2      | Reached XP level 4. HP: 27/31 MP: 0/0
  2011 | D:3      | Reached skill level 1 in Fighting
  2266 | D:3      | Noticed Ijyb
  2279 | D:3      | Killed Ijyb
  3262 | D:4      | Reached XP level 5. HP: 29/37 MP: 0/0
  3262 | D:4      | Learned a level 2 spell: Static Discharge
  3493 | D:4      | Reached skill level 4 in Spellcasting
  3637 | D:4      | Reached XP level 6. HP: 38/45 MP: 0/0
  3767 | D:4      | Found an iron altar of Okawaru.
  3857 | D:4      | Found a staircase to the Ecumenical Temple.
  4170 | Temple   | Entered the Ecumenical Temple
  4207 | Temple   | Became a worshipper of Gozag Ym Sagoz the Greedy
  4256 | D:5      | Entered Level 5 of the Dungeon
  4256 | D:5      | Noticed Prince Ribbit
  4261 | D:5      | Killed Prince Ribbit
  4262 | D:5      | Reached skill level 5 in Spellcasting
  4262 | D:5      | Reached XP level 7. HP: 39/49 MP: 0/0
  4262 | D:5      | Learned a level 2 spell: Corpse Rot
  4868 | D:5      | Noticed Eustachio
  4882 | D:5      | Found a glowing drain.
  4891 | Sewer    | Entered a sewer
  5422 | Sewer    | Reached skill level 6 in Spellcasting
  5856 | D:5      | Killed Eustachio
  5857 | D:5      | Reached XP level 8. HP: 46/56 MP: 0/0
  6114 | D:5      | Noticed a wyvern
  6120 | D:5      | Killed a wyvern
  6171 | D:5      | Reached skill level 7 in Spellcasting
  6641 | D:6      | Reached XP level 9. HP: 58/62 MP: 0/0
  6641 | D:6      | Learned a level 3 spell: Confusing Touch
  6655 | D:6      | Identified the +2 long sword of Indomitability {vorpal,
                  | rElec rF+ rN+}
  6811 | D:6      | Found a blossoming altar of Fedhas.
  6823 | D:6      | Found a shimmering altar of Xom.
  7207 | D:6      | Reached skill level 8 in Spellcasting
  7442 | D:7      | Reached skill level 5 in Fighting
  8116 | D:7      | Noticed Maggie
  8128 | D:7      | Killed Maggie
  8449 | D:7      | Reached skill level 9 in Spellcasting
  8707 | D:7      | Found a shadowy altar of Dithmenos.
  8707 | D:7      | Found a sparkling altar of Nemelex Xobeh.
  8797 | D:8      | Reached XP level 10. HP: 31/70 MP: 0/0
  8840 | D:8      | Found a flagged portal.
  8871 | Bailey   | Entered a bailey
  9125 | Bailey   | Identified the +3 spear "Ogreslayer" {drain, rC+ Int+3}
 10132 | D:8      | Noticed a boulder beetle
 10136 | D:8      | Noticed a cyclops
 10137 | D:8      | Noticed a centaur warrior
 10704 | D:8      | Killed a cyclops
 10705 | D:8      | Reached skill level 10 in Spellcasting
 10711 | D:8      | Killed a boulder beetle
 11764 | D:9      | Reached XP level 11. HP: 68/78 MP: 0/0
 11764 | D:9      | Learned a level 4 spell: Animate Dead
 11918 | D:9      | Reached skill level 11 in Spellcasting
 12201 | D:9      | Noticed a two-headed ogre
 12204 | D:9      | Killed a two-headed ogre
 12406 | D:10     | Entered Level 10 of the Dungeon
 12416 | D:10     | Found a glowing golden altar of the Shining One.
 12584 | D:10     | Noticed a two-headed ogre
 12588 | D:10     | Killed a two-headed ogre
 14053 | D:11     | Reached skill level 12 in Spellcasting
 14054 | D:11     | Noticed a two-headed ogre
 14058 | D:11     | Killed a two-headed ogre
 14206 | D:11     | Found a staircase to the Lair.
 14252 | D:11     | Noticed a two-headed ogre
 14256 | D:11     | Killed a two-headed ogre
 14259 | D:11     | Reached XP level 12. HP: 59/85 MP: 0/0
 14606 | D:11     | Noticed Fannar
 14612 | D:11     | Killed Fannar
 14946 | D:11     | Noticed a seven-headed hydra
 14949 | D:11     | Killed a seven-headed hydra
 15105 | D:11     | Reached skill level 13 in Spellcasting
 15438 | D:11     | Noticed Snorg
 15443 | D:11     | Killed Snorg
 15444 | D:11     | Reached skill level 1 in Long Blades
 15543 | D:11     | Identified a scroll of acquirement
 15551 | D:11     | Acquired the ring of Ciobb {rElec rPois rF+ rN+}
 15850 | D:12     | Noticed a boulder beetle
 15855 | D:12     | Killed a boulder beetle
 16760 | Lair:1   | Entered Level 1 of the Lair of Beasts
 16766 | Lair:1   | Reached XP level 13. HP: 78/92 MP: 0/0
 16766 | Lair:1   | Learned a level 5 spell: Yara's Violent Unravelling
 16788 | Lair:1   | Reached skill level 1 in Shields
 17306 | Lair:1   | Reached skill level 14 in Spellcasting
 18231 | Lair:2   | You are sucked into a shaft and drop 1 floor!
 18260 | Lair:3   | Found a staircase to the Swamp.
 19958 | Lair:2   | Found a hole to the Spider Nest.
 20262 | Lair:2   | Noticed a boulder beetle
 20422 | Lair:2   | Killed a boulder beetle
 20423 | Lair:2   | Reached skill level 15 in Spellcasting
 20546 | Lair:2   | Reached XP level 14. HP: 86/99 MP: 0/0
 22058 | Lair:4   | Found the +27 Lear's hauberk
 22883 | Lair:5   | Found a gate leading to a gauntlet.
 22905 | Gauntlet | Entered a Gauntlet
 22905 | Gauntlet | Found a transporter.
 22998 | Gauntlet | Found a transporter.
 23001 | Gauntlet | Found a transporter.
 23002 | Gauntlet | Found a transporter.
 23010 | Gauntlet | Found a transporter.
 23013 | Gauntlet | Found a transporter.
 23014 | Gauntlet | Found a transporter.
 23019 | Gauntlet | Noticed a minotaur
 23026 | Gauntlet | Found a transporter.
 23027 | Gauntlet | Found a transporter.
 23031 | Gauntlet | Found a transporter.
 23036 | Gauntlet | Found a transporter.
 23038 | Gauntlet | Found a transporter.
 23039 | Gauntlet | Found a transporter.
 23047 | Gauntlet | Found a transporter.
 23866 | Gauntlet | Killed a minotaur
 24084 | Gauntlet | Identified the +4 battleaxe "Orb Guardian's Death" {drain,
                  | rF+}
 24759 | Lair:5   | Found a staircase to the Slime Pits.
 24908 | Lair:5   | Found a runed translucent gate.
 24932 | Lair:5   | Found a runed translucent gate.
 24932 | Lair:5   | Found a runed translucent gate.
 24936 | Lair:5   | Noticed Plazmod's ghost (journeyman DECj)
 25440 | Lair:5   | Reached skill level 16 in Spellcasting
 25852 | Lair:5   | Slain by a ten-headed hydra

Illustrated notes

Levels and vault maps discovered:
D:1:      nicolae_arrival_washed_ashore, layout_rooms,
          ebering_ecumenical_altar_hall
D:2:      layout_basic, grunt_ministairs_10, uniq_crazy_yiuf_cottage
D:3:      kennysheep_the_goblin_king, layout_basic
D:4:      layout_gridville, okawaru_gym_becter,
          minmay_temple_entry_enclosed_plants
D:5:      layout_basic, cheibrodos_sewer_entry_drain, minmay_door_square,
          uniq_eustachio, uniq_prince_ribbit1
D:6:      layout_cave_pools, mainiacjoe_overflow_large_starburst,
          hangedman_decor_lopped, minivault_22, abandoned_shop
D:7:      layout_gridville, gammafunk_temple_overflow_elements, uniq_maggie
D:8:      kennysheep_big_flooded_room, layout_loops_ring, enter_bailey_4
D:9:      layout_irregular_city
D:10:     layout_basic, mainiacjoe_overflow_alcove_2
D:11:     layout_roguey, lair_entry_dummy, uniq_snorg, uniq_fannar
D:12:     layout_rooms, minmay_orc_entry_guard_dogs,
          ebering_ghost_funeral_grove, kennysheep_four_rooms
Temple:   minmay_temple_bridge_d
Lair:1:   layout_concentric_octagons, infiniplex_staircase_pool
Lair:2:   layout_roguey, spider_nest_entry_web_field, roderic_batcave,
          grunt_megastairs_2, serial_bayou_shore_a
Lair:3:   layout_regular_city, swamp_mist_pool, lemuel_fruit_tree
Lair:4:   layout_cave_pods, infiniplex_staircase_pool_2
Lair:5:   layout_regular_city, minmay_slime_entry_pillars,
          gammafunk_ghost_hydra_chop, gauntlet_entry_generic,
          portal_ice_cave_demonic_guard, grunt_megastairs_5

Skill      XL: |  1  2  3  4  5  6  7  8  9 10 11 12 13 14 |
---------------+-------------------------------------------+-----
Spellcasting   | 3 4 5 6 7 9 10 12 13 15 16 | 16.0
Fighting       | 1 2 3 5 6 7 8 9 |  9.4
Stealth        | 2 3 4 |  4.9
Dodging        | 3 4 |  4.4
Long Blades    | 1 2 |  2.0
Shields        | 1 |  1.8
Short Blades   | |  0.3

Action                   |  1- 3 |  4- 6 |  7- 9 | 10-12 | 13-15 || total
-------------------------+-------+-------+-------+-------+-------++-------
Melee: Dagger            |       |       |     2 |       |       ||     2
       Long sword        |       |       |       |    12 |     8 ||    20
 Cast: Foxfire           |    61 |    92 |   317 |   135 |     8 ||   613
       Sticky Flame      |       |     2 |     6 |    14 |    36 ||    58
       Fireball          |       |       |       |   147 |   208 ||   355
       Yara's Violent Un |       |       |       |       |     1 ||     1
Invok: Potion Petition   |       |       |       |     1 |       ||     1
  Use: Scroll            |       |       |     3 |    14 |     6 ||    23
       Potion            |       |       |       |     4 |       ||     4
Armor: Robe              |       |       |    12 |    19 |     8 ||    39
Dodge: Dodged            |     5 |     5 |    30 |    36 |    29 ||   105
Block: Other             |       |     1 |     8 |    17 |    10 ||    36
       Reflection        |       |       |       |     3 |     2 ||     5
       Rpst.: Long sword |       |       |     1 |     7 |     7 ||    15

Table legend: (Time is in decaauts)
 A = Elapsed time spent in this place.
 B = Non-inter-level travel time spent in this place.
 C = Inter-level travel time spent in this place.
 D = Time resting spent in this place.
 E = Time spent auto-exploring this place.
 F = Levels seen in this place.
 G = Mean time per level.
                   A        B        C        D        E       F      G
               +--------+--------+--------+--------+--------+-----+--------+
         Total |  25863 |  25332 |    531 |   3722 |  19336 |  21 | 1231.6 |
       Dungeon |  14625 |  14202 |    423 |   1653 |  11276 |  12 | 1218.8 |
        Temple |     56 |     37 |     19 |      0 |     29 |   1 |   56.0 |
          Lair |   7851 |   7763 |     88 |   1649 |   5586 |   5 | 1570.2 |
         Sewer |    954 |    954 |      0 |      0 |    855 |   1 |  954.0 |
        Bailey |   1123 |   1123 |      0 |    213 |    666 |   1 | 1123.0 |
      Gauntlet |   1251 |   1251 |      0 |    207 |    924 |   1 | 1251.0 |
               +--------+--------+--------+--------+--------+-----+--------+

Top non-repeatable levels by time:
    D:11: 2663 daAuts
  Lair:3: 2004 daAuts
  Lair:4: 1970 daAuts
    D:10: 1641 daAuts
  Lair:2: 1462 daAuts
     D:7: 1420 daAuts
     D:8: 1419 daAuts
     D:5: 1311 daAuts
  Lair:1: 1259 daAuts
     D:4: 1256 daAuts
Gauntlet: 1251 daAuts
  Lair:5: 1153 daAuts
  Bailey: 1123 daAuts
     D:9: 1075 daAuts
     D:1: 1052 daAuts
